[ PARTIDA AOE2 · #506931967 ]
UnrankedCeltas vs Cumans
Equipo del jugador · VICT
Equipo rival · DERR
[ ANÁLISIS DE REPETICIÓN · EXTRAÍDO DE LA PARTIDA GRABADA ]
Feudal
12:05
Castillos
16:49
Imperial
—
| APM promedio | 71.6 |
| APM pico | 132 |
| eAPM promedio | 40.2 |
| Aldeanos / militares | 54 / 71 |
Foco
⚔️ 68.9% · 🌾 31.1%
Mangonel ×27 · Spearman ×20 · Monk ×10 · Scorpion ×8 · Militia ×4 · Battering Ram ×2
Feudal
9:27
Castillos
19:17
Imperial
—
| APM promedio | 71.7 |
| APM pico | 106 |
| eAPM promedio | 31.2 |
| Aldeanos / militares | 74 / 38 |
Foco
⚔️ 34.9% · 🌾 65.1%
Knight ×22 · Monk ×5 · Scout Cavalry ×5 · Mangonel ×4 · Camel Scout ×2
Mapa de la partida
Recursos iniciales + cada clic de construcción. Líneas = muros · curvas = relieve. ◆ oro · ⬟ piedra · ● bayas · ✦ reliquia · ◌ hueco del cierre
Tu base· Abierta — hueco de 3t
Base de NoToxic_MK· ✓ Cerrada en 19:17 · 52t muro · 1 puerta(s)
Terreno inicial suavizado · ◌ = hueco del cierre detectado · pasá el cursor para detalles
Inputs por minuto
— Learning - - NoToxic_MK
Build order — Learning
Primeras 150 de 177 acciones detectadas
| 0:00 | Encolar | Villager (Male) ×4 |
| 0:00 | Encolar | Villager (Male) ×4 |
| 0:02 | Construir | House |
| 0:04 | Construir | House |
| 1:25 | Encolar | Villager (Male) |
| 1:25 | Encolar | Villager (Male) |
| 1:44 | Construir | Lumber Camp |
| 1:59 | Encolar | Villager (Male) |
| 1:59 | Encolar | Villager (Male) |
| 2:16 | Encolar | Villager (Male) |
| 2:17 | Encolar | Villager (Male) |
| 2:41 | Encolar | Villager (Male) |
| 2:41 | Encolar | Villager (Male) |
| 3:01 | Encolar | Villager (Male) |
| 3:27 | Construir | House |
| 3:28 | Construir | House |
| 3:34 | Encolar | Villager (Male) |
| 3:34 | Encolar | Villager (Male) |
| 3:57 | Encolar | Villager (Male) |
| 4:40 | Encolar | Villager (Male) |
| 4:41 | Encolar | Villager (Male) |
| 4:43 | Encolar | Villager (Male) |
| 5:09 | Construir | Barracks |
| 5:56 | Encolar | Villager (Male) |
| 6:06 | Encolar | Militia |
| 6:06 | Encolar | Militia |
| 6:07 | Encolar | Militia |
| 6:34 | Encolar | Villager (Male) |
| 6:34 | Encolar | Villager (Male) |
| 6:39 | Encolar | Militia |
| 7:03 | Encolar | Villager (Male) |
| 7:05 | Construir | House |
| 7:06 | Construir | House |
| 7:17 | Construir | Mill |
| 7:29 | Encolar | Villager (Male) |
| 7:58 | Encolar | Villager (Male) |
| 8:18 | Encolar | Villager (Male) |
| 9:06 | Encolar | Villager (Male) |
| 9:15 | Construir | Mining Camp |
| 9:55 | Investigar | Feudal Age |
| 9:55 | Investigar | Feudal Age |
| 10:02 | Construir | House |
| 10:05 | Construir | House |
| 10:06 | Construir | House |
| 10:07 | Construir | House |
| 10:09 | Construir | Palisade Wall |
| 10:16 | Construir | Farm |
| 10:18 | Construir | Farm |
| 10:29 | Investigar | Loom |
| 10:51 | Construir | Palisade Wall |
| 10:58 | Construir | Palisade Wall |
| 11:03 | Encolar | Villager (Male) |
| 11:25 | Construir | Palisade Wall |
| 11:27 | Construir | Palisade Wall |
| 12:04 | Construir | Palisade Wall |
| 12:05 | Edad | Edad Feudal |
| 12:36 | Construir | Palisade Wall |
| 12:51 | Encolar | Villager (Male) |
| 13:11 | Construir | Market |
| 13:33 | Construir | Blacksmith |
| 14:09 | Investigar | Castle Age |
| 14:14 | Construir | Palisade Wall |
| 14:38 | Construir | House |
| 14:40 | Construir | Palisade Wall |
| 14:56 | Construir | Palisade Wall |
| 15:01 | Encolar | Villager (Male) |
| 15:04 | Encolar | Spearman |
| 15:24 | Investigar | Double-Bit Axe |
| 15:25 | Investigar | Double-Bit Axe |
| 15:29 | Encolar | Spearman |
| 15:31 | Encolar | Spearman |
| 15:50 | Construir | Palisade Wall |
| 15:52 | Construir | Palisade Wall |
| 16:03 | Construir | Palisade Wall |
| 16:09 | Investigar | Gold Mining |
| 16:16 | Construir | Farm |
| 16:17 | Construir | Farm |
| 16:31 | Construir | Palisade Wall |
| 16:49 | Edad | Edad de los Castillos |
| 17:09 | Construir | Siege Workshop |
| 17:11 | Construir | Siege Workshop |
| 17:18 | Investigar | Pikeman (upgrade) |
| 17:18 | Investigar | Pikeman (upgrade) |
| 17:29 | Encolar | Villager (Male) |
| 17:41 | Construir | Siege Workshop |
| 17:50 | Encolar | Villager (Male) |
| 17:55 | Encolar | Spearman |
| 17:55 | Encolar | Spearman |
| 18:10 | Construir | House |
| 18:22 | Encolar | Scorpion ×2 |
| 18:28 | Construir | Mining Camp |
| 18:45 | Encolar | Scorpion ×2 |
| 18:45 | Encolar | Scorpion ×2 |
| 18:48 | Encolar | Villager (Male) |
| 18:48 | Encolar | Villager (Male) |
| 18:56 | Encolar | Spearman |
| 19:09 | Encolar | Battering Ram |
| 19:10 | Encolar | Battering Ram |
| 19:46 | Encolar | Mangonel |
| 19:47 | Encolar | Mangonel |
| 19:55 | Encolar | Villager (Male) |
| 20:07 | Construir | House |
| 20:11 | Encolar | Spearman |
| 20:48 | Encolar | Mangonel |
| 21:11 | Encolar | Villager (Male) |
| 21:13 | Construir | Mining Camp |
| 21:51 | Encolar | Villager (Male) |
| 21:56 | Construir | Outpost |
| 22:31 | Encolar | Spearman |
| 22:32 | Encolar | Spearman |
| 22:52 | Encolar | Mangonel |
| 22:53 | Encolar | Mangonel |
| 23:16 | Encolar | Mangonel |
| 23:16 | Encolar | Mangonel |
| 23:17 | Encolar | Villager (Male) |
| 23:20 | Encolar | Spearman |
| 23:20 | Encolar | Spearman |
| 23:44 | Encolar | Mangonel |
| 23:44 | Encolar | Mangonel |
| 23:48 | Encolar | Villager (Male) |
| 23:51 | Encolar | Spearman |
| 24:06 | Construir | Outpost |
| 24:09 | Encolar | Villager (Male) |
| 24:10 | Encolar | Villager (Male) |
| 24:51 | Encolar | Spearman |
| 24:51 | Encolar | Spearman |
| 25:04 | Investigar | Town Watch |
| 25:21 | Encolar | Scorpion |
| 25:22 | Encolar | Scorpion |
| 25:39 | Encolar | Villager (Male) |
| 25:58 | Construir | Monastery |
| 26:03 | Construir | Monastery |
| 27:02 | Encolar | Monk |
| 27:02 | Encolar | Monk |
| 27:05 | Encolar | Mangonel ×2 |
| 27:06 | Encolar | Mangonel ×2 |
| 27:06 | Encolar | Villager (Male) |
| 27:09 | Construir | House |
| 27:10 | Construir | House |
| 27:10 | Construir | House |
| 27:11 | Construir | House |
| 27:22 | Encolar | Villager (Male) |
| 27:45 | Encolar | Monk |
| 28:07 | Encolar | Monk |
| 28:16 | Encolar | Monk |
| 28:18 | Encolar | Villager (Male) |
| 28:18 | Encolar | Villager (Male) |
| 28:35 | Encolar | Mangonel |
| 28:35 | Encolar | Mangonel |
| 28:36 | Encolar | Villager (Male) |
Build order — NoToxic_MK
Primeras 150 de 216 acciones detectadas
| 0:00 | Encolar | Villager (Male) |
| 0:01 | Encolar | Villager (Male) |
| 0:01 | Encolar | Villager (Male) |
| 0:02 | Construir | House |
| 0:03 | Construir | House |
| 0:09 | Encolar | Villager (Male) |
| 0:09 | Encolar | Villager (Male) |
| 1:24 | Encolar | Villager (Male) |
| 1:24 | Encolar | Villager (Male) |
| 1:52 | Construir | Lumber Camp |
| 2:01 | Encolar | Villager (Male) |
| 2:01 | Encolar | Villager (Male) |
| 2:23 | Encolar | Villager (Male) |
| 2:24 | Encolar | Villager (Male) |
| 2:57 | Encolar | Villager (Male) |
| 2:57 | Encolar | Villager (Male) |
| 2:59 | Encolar | Villager (Male) |
| 3:50 | Encolar | Villager (Male) |
| 3:51 | Encolar | Villager (Male) |
| 3:53 | Construir | House |
| 4:07 | Encolar | Villager (Male) |
| 4:17 | Construir | Mill |
| 4:44 | Encolar | Villager (Male) |
| 4:44 | Encolar | Villager (Male) |
| 5:19 | Encolar | Villager (Male) |
| 5:19 | Encolar | Villager (Male) |
| 6:02 | Encolar | Villager (Male) |
| 6:03 | Investigar | Loom |
| 7:06 | Construir | Lumber Camp |
| 7:17 | Investigar | Feudal Age |
| 7:17 | Investigar | Feudal Age |
| 7:22 | Construir | Palisade Wall |
| 7:23 | Construir | Palisade Wall |
| 7:26 | Construir | Palisade Wall |
| 7:27 | Construir | Palisade Wall |
| 7:37 | Construir | Palisade Wall |
| 7:39 | Construir | Palisade Wall |
| 7:40 | Construir | Palisade Wall |
| 7:44 | Construir | Palisade Wall |
| 7:46 | Construir | Palisade Wall |
| 7:48 | Construir | Palisade Wall |
| 7:50 | Construir | Palisade Wall |
| 7:53 | Construir | Palisade Wall |
| 7:59 | Encolar | Villager (Male) |
| 8:30 | Construir | Barracks |
| 9:08 | Encolar | Villager (Male) |
| 9:27 | Edad | Edad Feudal |
| 9:29 | Construir | Stable |
| 9:57 | Construir | Mill |
| 9:58 | Encolar | Villager (Male) |
| 9:58 | Encolar | Villager (Male) |
| 10:13 | Encolar | Villager (Male) |
| 10:21 | Construir | Palisade Wall |
| 10:24 | Encolar | Villager (Male) |
| 10:25 | Encolar | Scout Cavalry |
| 10:25 | Encolar | Scout Cavalry |
| 10:29 | Construir | House |
| 10:34 | Construir | House |
| 10:39 | Encolar | Villager (Male) |
| 10:41 | Construir | Farm |
| 10:48 | Investigar | Double-Bit Axe |
| 10:49 | Investigar | Double-Bit Axe |
| 10:55 | Investigar | Horse Collar |
| 10:55 | Investigar | Horse Collar |
| 11:14 | Encolar | Villager (Male) |
| 11:14 | Encolar | Villager (Male) |
| 11:14 | Encolar | Villager (Male) |
| 11:24 | Construir | Farm |
| 11:26 | Construir | Farm |
| 11:39 | Construir | Farm |
| 11:47 | Encolar | Villager (Male) |
| 11:48 | Encolar | Villager (Male) |
| 11:54 | Construir | Farm |
| 12:10 | Construir | Farm |
| 12:12 | Construir | Farm |
| 12:16 | Construir | Farm |
| 12:20 | Encolar | Villager (Male) |
| 12:20 | Encolar | Villager (Male) |
| 12:31 | Construir | Farm |
| 12:36 | Construir | Farm |
| 12:41 | Encolar | Villager (Male) |
| 12:45 | Encolar | Villager (Male) |
| 12:57 | Construir | Farm |
| 13:02 | Construir | Farm |
| 13:14 | Construir | Farm |
| 13:38 | Encolar | Villager (Male) |
| 13:52 | Construir | Mining Camp |
| 13:54 | Encolar | Villager (Male) |
| 14:34 | Encolar | Villager (Male) |
| 14:35 | Encolar | Villager (Male) |
| 15:04 | Construir | House |
| 15:06 | Construir | Market |
| 15:45 | Encolar | Villager (Male) |
| 15:52 | Construir | House |
| 15:53 | Construir | Palisade Wall |
| 15:54 | Construir | Palisade Wall |
| 16:10 | Encolar | Villager (Male) |
| 16:34 | Investigar | Castle Age |
| 16:34 | Investigar | Castle Age |
| 16:48 | Construir | Stable |
| 16:51 | Construir | Palisade Wall |
| 17:22 | Construir | Blacksmith |
| 17:28 | Construir | Palisade Wall |
| 17:30 | Construir | Palisade Wall |
| 17:31 | Construir | Palisade Wall |
| 17:39 | Investigar | Gold Mining |
| 17:39 | Investigar | Gold Mining |
| 17:50 | Construir | Palisade Gate |
| 17:57 | Investigar | Bloodlines |
| 17:57 | Encolar | Scout Cavalry |
| 17:57 | Encolar | Scout Cavalry |
| 17:58 | Encolar | Scout Cavalry |
| 18:10 | Construir | Farm |
| 18:13 | Construir | Farm |
| 18:33 | Construir | Farm |
| 18:40 | Encolar | Villager (Male) |
| 18:44 | Construir | Palisade Wall |
| 19:10 | Construir | Farm |
| 19:12 | Construir | Farm |
| 19:17 | Edad | Edad de los Castillos |
| 19:23 | Construir | Siege Workshop |
| 19:28 | Encolar | Knight |
| 19:29 | Encolar | Knight |
| 19:30 | Investigar | Scale Barding Armor |
| 19:55 | Encolar | Villager (Male) |
| 19:56 | Encolar | Villager (Male) |
| 20:00 | Encolar | Villager (Male) |
| 20:19 | Encolar | Mangonel |
| 20:22 | Encolar | Villager (Male) |
| 20:26 | Encolar | Villager (Male) |
| 20:29 | Construir | House |
| 20:31 | Construir | House |
| 20:42 | Encolar | Knight |
| 20:42 | Encolar | Knight |
| 21:09 | Encolar | Knight |
| 21:32 | Encolar | Villager (Male) |
| 21:35 | Encolar | Villager (Male) |
| 21:43 | Construir | House |
| 21:44 | Construir | House |
| 21:47 | Encolar | Villager (Male) |
| 22:03 | Encolar | Villager (Male) |
| 22:31 | Encolar | Knight |
| 22:31 | Encolar | Knight |
| 22:32 | Encolar | Knight |
| 22:32 | Encolar | Knight |
| 22:46 | Construir | Monastery |
| 22:56 | Encolar | Knight |
| 22:56 | Encolar | Knight |
| 22:57 | Construir | House |
| 22:58 | Construir | House |
Cronología de la partida
| 5:09 | Learning · first_building Barracks |
| 7:22 | NoToxic_MK · wall_segment Palisade Wall x2 |
| 7:23 | NoToxic_MK · wall_segment Palisade Wall x2 |
| 7:26 | NoToxic_MK · wall_segment Palisade Wall x1 |
| 7:27 | NoToxic_MK · wall_segment Palisade Wall x1 |
| 7:37 | NoToxic_MK · wall_segment Palisade Wall x1 |
| 7:39 | NoToxic_MK · wall_segment Palisade Wall x1 |
| 7:40 | NoToxic_MK · wall_segment Palisade Wall x1 |
| 7:44 | NoToxic_MK · wall_segment Palisade Wall x1 |
| 7:46 | NoToxic_MK · wall_segment Palisade Wall x1 |
| 7:48 | NoToxic_MK · wall_segment Palisade Wall x1 |
| 7:50 | NoToxic_MK · wall_segment Palisade Wall x1 |
| 7:53 | NoToxic_MK · wall_segment Palisade Wall x1 |
| 8:30 | NoToxic_MK · first_building Barracks |
| 9:27 | NoToxic_MK · age_up feudal |
| 9:29 | NoToxic_MK · first_building Stable |
| 10:09 | Learning · wall_segment Palisade Wall x9 |
| 10:21 | NoToxic_MK · wall_segment Palisade Wall x1 |
| 10:51 | Learning · wall_segment Palisade Wall x3 |
| 10:58 | Learning · wall_segment Palisade Wall x2 |
| 11:25 | Learning · wall_segment Palisade Wall x2 |
| 11:27 | Learning · wall_segment Palisade Wall x1 |
| 12:04 | Learning · wall_segment Palisade Wall x1 |
| 12:05 | Learning · age_up feudal |
| 12:36 | Learning · wall_segment Palisade Wall x3 |
| 13:57 | Learning · first_market_sell 500 stone |
| 13:58 | Learning · first_market_buy 100 food |
| 14:14 | Learning · wall_segment Palisade Wall x4 |
| 14:40 | Learning · wall_segment Palisade Wall x1 |
| 14:56 | Learning · wall_segment Palisade Wall x1 |
| 15:50 | Learning · wall_segment Palisade Wall x7 |
| 15:52 | Learning · wall_segment Palisade Wall x8 |
| 15:53 | NoToxic_MK · wall_segment Palisade Wall x1 |
| 15:54 | NoToxic_MK · wall_segment Palisade Wall x6 |
| 16:03 | Learning · wall_segment Palisade Wall x1 |
| 16:05 | NoToxic_MK · first_market_sell 100 stone |
| 16:31 | NoToxic_MK · first_market_buy 100 food |
| 16:31 | Learning · wall_segment Palisade Wall x1 |
| 16:49 | Learning · age_up castle |
| 16:51 | NoToxic_MK · wall_segment Palisade Wall x9 |
| 17:09 | Learning · first_building Siege Workshop |
| 17:28 | NoToxic_MK · wall_segment Palisade Wall x3 |
| 17:30 | NoToxic_MK · wall_segment Palisade Wall x7 |
| 17:31 | NoToxic_MK · wall_segment Palisade Wall x4 |
| 18:44 | NoToxic_MK · wall_segment Palisade Wall x9 |
| 19:17 | NoToxic_MK · age_up castle |
| 19:23 | NoToxic_MK · first_building Siege Workshop |
| 22:46 | NoToxic_MK · first_building Monastery |
| 25:58 | Learning · first_building Monastery |
| 32:14 | NoToxic_MK · first_building Castle |
| 32:55 | NoToxic_MK · resign |
[ ANÁLISIS IA · 1 CRÉDITO ]
¿Qué pasó realmente en esta partida?
Wolo.gg analiza cada decisión: build order, eco, micro, errores típicos por bracket. Análisis personalizado por WhatsApp o Discord en 30 segundos.
Guía civ
Celtas
Perfil
Jugador #4521457